 Dungeon Crawl Stone Soup version 0.29.0-11-gd7f09526c8 (webtiles) character file.

Game seed: 2811300357116140897

9 xian the Chiller (level 2, 0/19 HPs)
             Began as a Merfolk Ice Elementalist on Sept 3, 2022.
             Slain by a quokka (4 damage)
             ... on level 1 of the Dungeon.
             The game lasted 00:01:22 (317 turns).

xian the Chiller (Merfolk Ice Elementalist)          Turns: 317, Time: 00:01:23

Health: 0/19       AC:  2    Str:  8    XL:     2   Next: 12%
Magic:  1/5        EV: 12    Int: 14    God:
Gold:   19         SH:  0    Dex: 14    Spells: 4/5 levels left

rFire   . . .      SeeInvis .   e - +0 short sword
rCold   . . .      Faith    .   (no shield)
rNeg    . . .      Spirit   .   a - +0 robe
rPois   .          Reflect  .   (no helmet)
rElec   .          Harm     .   (no cloak)
rCorr   .          Rampage  .   (no gloves)
Will    .....                   (no boots)
Stlth   ++........              (no amulet)
HPRegen 0.06/turn               (no ring)
MPRegen 0.09/turn               (no ring)

@: very slightly contaminated
A: (nimble swimmer 2), mertail
a: no special abilities


You were on level 1 of the Dungeon.
You visited 1 branch of the dungeon, and saw 1 of its levels.

You collected 19 gold pieces.

Inventory:

Hand Weapons
 e - a +0 short sword (weapon)
Armour
 a - a +0 robe (worn)
Scrolls
 c - 2 scrolls of identify {unknown}
 d - a scroll of enchant armour {unknown}
 h - a scroll of magic mapping {unknown}
Potions
 b - a potion of magic
 f - a potion of might {unknown}
 g - a potion of brilliance {unknown}


   Skills:
 + Level 0.1 Fighting
 + Level 2.8 Dodging
 + Level 2.2 Stealth
 + Level 2.0 Spellcasting
 + Level 4.7 Ice Magic


You had 4 spell levels left.
You knew the following spells:

 Your Spells              Type           Power      Damage    Failure   Level
a - Freeze                Ice            56%        1d7       3%          1

Your spell library contained the following spells:

 Spells                   Type           Power      Damage    Failure   Level
 Frozen Ramparts          Ice            28%        1d5       10%         3
 Ozocubu's Armour         Ice            14%        N/A       10%         3
 Blink                    Tloc           2%         N/A       34%         2
 Hailstorm                Conj/Ice       8%         3d4       65%         4
 Manifold Assault         Tloc           1%         N/A       100%        5
 Storm Form               Tmut/Air       0%         N/A       100%        7


Dungeon Overview and Level Annotations

Branches:
Dungeon (1/15)

Altars:


Innate Abilities, Weirdness & Mutations

((You are very nimble when in or above water. (Stealth+, EV+, Speed+++)))
Your lower body shifts to a powerful aquatic tail in water.


Message History

Unknown command.
You freeze the quokka.
The quokka is severely wounded.
The quokka misses you.
The quokka bites you but does no damage.
The endoplasm misses you.
You miscast Freeze.
You are very lightly contaminated with residual magic.
Nothing appears to happen.
The quokka bites you. The endoplasm freezes you.
You are frozen.
You are too injured to fight recklessly!
You are too injured to fight recklessly!
You are too injured to fight recklessly!
You are too injured to fight recklessly!
You are too injured to fight recklessly!
Unknown command.
Casting: Freeze (safe; 3% risk of failure)
Confirm with . or Enter, or press ? or * to list all spells.
Aiming: Freeze (safe; 3% risk of failure)
Press: ? - help, Shift-Dir - straight line, f/p - quokka
Aim: a quokka (severely wounded)
You freeze the quokka.
The quokka is almost dead.
The quokka bites you.
* * * LOW HITPOINT WARNING * * *
The endoplasm hits you.
* * * LOW HITPOINT WARNING * * *
Casting: Freeze (safe; 3% risk of failure)
Confirm with . or Enter, or press ? or * to list all spells.
You don't know that spell.
Casting: Freeze (safe; 3% risk of failure)
Confirm with . or Enter, or press ? or * to list all spells.
Aiming: Freeze (safe; 3% risk of failure)
Press: ? - help, Shift-Dir - straight line, f - endoplasm, p - quokka
Aim: an endoplasm You freeze the endoplasm!
You kill the endoplasm!
The quokka bites you.
You die...

###### #..... .....#
##..#### .###.#
#......# .#
#.####.####.# # ##
.###......#....#.# .#
.....####.#.#....#..#
...### #.#†#.####..#
....## #...#..r....#
.....## ##..####@#
......# #.......#
......# #...#####
......## #.###
...........# ###
....####.## ..# ...##
#..## #.#
....####.).. #.#
............#
#.######


You could see a quokka.

Vanquished Creatures
  3 endoplasms (D:1)
  2 giant cockroaches (D:1)
  2 kobolds (D:1)
  A rat (D:1)
8 creatures vanquished.

Notes
Turn   | Place    | Note
-------+----------+-------------------------------------------
     0 | D:1      | xian the Merfolk Ice Elementalist began the quest for the
                  | Orb.
     0 | D:1      | Reached XP level 1. HP: 13/13 MP: 3/3
   255 | D:1      | Reached XP level 2. HP: 16/19 MP: 5/5
   317 | D:1      | Slain by a quokka

Illustrated notes

Levels and vault maps discovered:
D:1:      dpeg_arrival_simpleton_b, layout_loops_ring,
          hellmonk_ecumenical_altar_dog_temple, skrybe_limestone_x,
          minmay_heptomino_l4

Action                   || total
-------------------------++-------
Melee: Short sword       ||    16
 Cast: Freeze            ||    10
 Stab: Sleeping          ||     1
Armor: Robe              ||     6
Dodge: Dodged            ||    16
